 Dungeon Crawl Stone Soup version 0.19-a0-659-g8260ecf (webtiles) character file.

33 Skanax the Grave Robber (level 3, -2/24 HPs)
             Began as a Mummy Necromancer on June 15, 2016.
             Killed from afar by Sigmund (9 damage)
             ... with a puff of flame
             ... on level 2 of the Dungeon.
             The game lasted 00:08:43 (1387 turns).

Skanax the Grave Robber (Mummy Necromancer)         Turns: 1387, Time: 00:08:43

Health: -2/24      AC:  3    Str: 11    XL:     3   Next: 12%
Magic:  6/6        EV: 12    Int: 15    God:
Gold:   66         SH:  0    Dex: 12    Spells: 3 memorised, 1 level left

rFire  x . .     SeeInvis .     d - +0 dagger
rCold  + . .     Gourm    .     a - +0 robe
rNeg   + + +     Faith    +     (no shield)
rPois  ∞         Spirit   .     (no helmet)
rElec  .         Dismiss  .     (no cloak)
rCorr  .         Reflect  .     e - +0 pair of gloves
SustAt .         Harm     .     (no boots)
MR     .....                    i - amulet of faith
Stlth  ++........               (no ring)
                                f - ring of wizardry

@: not resistant to hostile enchantments, unstealthy
A: no food or potions, fire vulnerability, cold resistance 1, negative energy
resistance 3, torment resistance, unbreathing
a: no special abilities


You were on level 2 of the Dungeon.
You were not hungry.

You visited 1 branch of the dungeon, and saw 2 of its levels.

You collected 66 gold pieces.

Inventory:

Hand Weapons
 d - a +0 dagger (weapon)
Missiles
 h - 6 tomahawks (quivered)
Armour
 a - a +0 robe (worn)
 e - a +0 pair of gloves (worn)
Jewellery
 f - a ring of wizardry (left hand)
 i - an amulet of faith (around neck)
Books
 b - a book of Necromancy

   Spells                             Type                      Level
   a - Pain                           Necromancy                   1
   b - Animate Skeleton               Necromancy                   1
   c - Vampiric Draining              Necromancy                   3
   d - Regeneration                   Charms/Necromancy            3
   e - Animate Dead                   Necromancy                   4
   f - Control Undead                 Necromancy                   4
Comestibles
 c - a bread ration


   Skills:
 + Level 0.2 Fighting
 + Level 1.9 Dodging
 + Level 1.6 Stealth
 + Level 0.1 Unarmed Combat
 + Level 2.3 Spellcasting
 + Level 4.4 Necromancy


You had one spell level left.
You knew the following spells:

 Your Spells              Type           Power        Failure   Level  Hunger
a - Pain                  Necr           ###.         1%          1    N/A
b - Animate Skeleton      Necr           N/A          1%          1    N/A
c - Vampiric Draining     Necr           ###.......   4%          3    N/A

Dungeon Overview and Level Annotations

Branches:
Dungeon (2/15)

Altars:

Annotations:
D:2 Sigmund


Innate Abilities, Weirdness & Mutations

You do not eat or drink.
Your flesh is vulnerable to fire.
You are immune to poison.
Your flesh is cold resistant. (rC+)
You are immune to negative energy. (rN+++)
You are immune to unholy pain and torment.
You can survive without breathing.


Message History

Magic restored.
You start resting.
HP restored.
You climb downwards.
Level annotation: Sigmund Sigmund casts a spell.
Sigmund flickers and vanishes!
Something hits you.
There is a stone staircase leading up here.
You hear some strange, mumbled words.
A puff of flame appears from out of thin air!
The puff of flame hits you! The fire burns you terribly!
You miss something.
You hear some strange, mumbled words.
A magic dart appears from out of thin air!
The magic dart hits you!
* * * LOW HITPOINT WARNING * * *
You hear some strange, mumbled words.
A puff of flame appears from out of thin air!
The puff of flame hits you! The fire burns you terribly!
You die...

##.###..Z..{....#
#.#
##########.####
#.# #......# ##'##
#.#.##.# #...##
#.#..#.# .....##
##......# .....Z##
##.###<###
..%....####...##.#
.......'!......#@#
...<...####...##.#
......## ##.....#
.....## #.#####
#...## #.# ##+##
#[# #.# #.# #.#


There were no monsters in sight!

Vanquished Creatures
  3 dart slugs
  A bat (D:1)
  2 giant cockroaches (D:1)
  A goblin (D:2)
  4 hobgoblins (D:1)
  6 kobolds (D:1)
  5 rats
22 creatures vanquished.

Vanquished Creatures (collateral kills)
  2 goblins (D:1)
  2 giant newts (D:1)
  A rat (D:1)
5 creatures vanquished.

Grand Total: 27 creatures vanquished

Notes
Turn   | Place    | Note
--------------------------------------------------------------
     0 | D:1      | Skanax the Mummy Necromancer began the quest for the Orb.
     0 | D:1      | Reached XP level 1. HP: 13/13 MP: 3/3
     2 | D:1      | Learned a level 1 spell: Animate Skeleton
   121 | D:1      | Reached XP level 2. HP: 10/19 MP: 1/5
   874 | D:2      | Reached XP level 3. HP: 20/24 MP: 1/6
   879 | D:2      | Learned a level 3 spell: Vampiric Draining
   995 | D:2      | Noticed Sigmund
  1387 | D:2      | Killed from afar by Sigmund

Vault maps used:
D:1:      saegor_arrival_simple_d
D:2:      uniq_sigmund, uniq_terence, uniq_crazy_yiuf_cottage

Action                   || total
-------------------------++-------
Melee: Unarmed           ||    13
       Dagger            ||     6
 Cast: Pain              ||    49
       Animate Skeleton  ||    13
  Use: Scroll            ||     5
Armor: Robe              ||     1
Dodge: Dodged            ||    19
